 Dungeon Crawl Stone Soup version 0.31-a0-233-g139696dc86 (webtiles) character file.

Game seed: 10278141282792091552

10040 qw the Skirmisher (level 11, -2/86 (100) HPs)
             Began as a Minotaur Hexslinger on July 8, 2023.
             Was an Elder of Okawaru.
             Slain by a spectral orc knight
             ... wielding a +3 great sword
             ... summoned by Nergalle
              (13 damage)
             ... on level 11 of the Dungeon.
             The game lasted 00:05:17 (8988 turns).

qw the Skirmisher (Minotaur Hexslinger)             Turns: 8988, Time: 00:05:17

HP:   -2/86 (100)   AC: 18    Str: 14    XL:     11   Next: 31%
MP:   13/14         EV: 18    Int: 10    God:    Okawaru [****..]
Gold: 303           SH:  0    Dex: 16    Spells: 11/12 levels left

rFire   + . .        t - +0 orcbow
rCold   + . .        (shield currently unavailable)
rNeg    . . .        d - +6 troll leather armour of Objectivity {rPois Regen+}
rPois   +            a - +2 hat of the Shrike {rElec}
rElec   +            (no cloak)
rCorr   .            b - +2 pair of gloves
SInv    .            r - +0 pair of boots
Will    .....        (no amulet)
Stlth   +++          e - ring of protection from cold
HPRegen 1.14/turn    n - ring of protection from fire
MPRegen 0.14/turn

%: no passive effects
@: about to teleport, heroic, heavily drained
A: horns 2, retaliatory headbutt
a: Renounce Religion, Heroism, Finesse


You were on level 11 of the Dungeon.
You worshipped Okawaru.
Okawaru was greatly pleased with you.
You visited 2 branches of the dungeon, and saw 12 of its levels.
You also visited: Ossuary.

You collected 523 gold pieces.
You spent 220 gold pieces at shops.


Innate Abilities, Weirdness & Mutations

You have a pair of horns on your head.
You reflexively headbutt those who attack you in melee.


   Skills:
 - Level 10.2(15.2) Fighting
 - Level 14.0(19.0) Ranged Weapons
 + Level 3.6(8.6) Armour
 - Level 7.0(12.0) Dodging
 - Level 1.0 Spellcasting
 - Level 2.0 Hexes
 + Level 5.8 Invocations


You had 11 spell levels left.
You knew the following spells:

 Your Spells              Type           Power      Damage    Failure   Level
a - Slow                  Hex            16%        N/A       19%         1

Your spell library contained the following spells:

 Spells                   Type           Power      Damage    Failure   Level
 Inner Flame              Hex/Fire       2%         N/A       63%         3
 Portal Projectile        Hex/Tloc       4%         N/A       63%         3
 Cause Fear               Hex            2%         N/A       87%         4

Inventory:

Hand Weapons
 t - a +0 orcbow (weapon)
Armour
 a - the +2 hat of the Shrike (worn) {rElec}
   (You acquired it on level 1 of the Dungeon)

   rElec:     It insulates you from electricity.
 b - a +2 pair of gloves (worn)
 d - the +6 troll leather armour of Objectivity (worn) {rPois Regen+}
   (You acquired it on level 1 of the Dungeon)

   rPois:     It protects you from poison.
   Regen:     It increases your rate of health regeneration.
 r - a +0 pair of boots (worn)
Jewellery
 e - a ring of protection from cold (left hand)
 j - a ring of resist corrosion
 k - a ring of poison resistance
 m - a ring of ice
 n - a ring of protection from fire (right hand)
 Y - a +6 ring of strength
Wands
 s - a wand of digging (6)
Scrolls
 g - 5 scrolls of teleportation
 h - 7 scrolls of identify
Potions
 c - 2 potions of haste
 f - 3 potions of curing
 i - a potion of mutation
 l - a potion of heal wounds
 o - 5 potions of cancellation
 p - a potion of resistance
 q - a potion of enlightenment

Dungeon Overview and Level Annotations

Branches:
Dungeon (11/15)            Temple (1/1) D:5             Orc (0/2) D:9
Ossuary (visited)
   Lair: D:8-11

Altars:
Ashenzari
Cheibriados
Dithmenos
Elyvilon
Fedhas
Gozag
Hepliaklqana
Kikubaaqudgha
Makhleb
Nemelex Xobeh
Okawaru
Qazlal
Ru
Sif Muna
Trog
Uskayaw
Vehumet
Wu Jian
Xom
Yredelemnul
Zin
The Shining One

Shops:
D:5 ?*((=   D:6 [   D:7 =

Portals:
Bailey: D:10

Annotations:
D:3 1 runed translucent door, Crazy Yiuf
D:4 2 runed translucent doors, qw's ghost, amateur MiHs
D:5 2 transporters
D:6 exclusion: 4 wights
D:11 Nergalle


Message History

The killer bee closely misses you.
The kobold demonologist hits you but does no damage.
You shoot an arrow.
The arrow hits the spectral orc knight but does no damage.
The spectral orc knight is severely damaged.
The killer bee stings you but does no damage.
The spectral orc knight hits you with a +0 long sword!
You feel drained.
The spectral orc hits you with a +0 club.
The ice devil closely misses you. You furiously retaliate!
You headbutt the ice devil! The orange demon completely misses you.
The spectral orc knight hits you with a +3 great sword!
You feel drained. The iron imp misses you.
The killer bee stings you but does no damage.
The kobold demonologist hits you with a +0 dagger.
8987 ||| READING 6 scrolls of teleportation.
As you read the scroll of teleportation, it crumbles to dust.
You feel strangely unstable. The killer bee closely misses you.
The spectral orc knight hits you but does no damage.
The spectral orc completely misses you. You furiously retaliate!
You headbutt the spectral orc. The ice devil hits you!
The ice devil freezes you. You resist.
The orange demon stings you but does no damage.
The spectral orc knight hits you but does no damage.
The killer bee completely misses you. You furiously retaliate!
You headbutt the killer bee!
You kill the killer bee!
Okawaru accepts your kill.
The kobold demonologist closely misses you.
You furiously retaliate!
You headbutt the kobold demonologist!
8988 ||| DRINKING 2 potions of heal wounds.
You feel much better.
The spectral orc knight hits you with a +0 long sword!
You feel drained.
The spectral orc hits you but does no damage.
The ice devil hits you. The ice devil freezes you. You resist.
The orange demon stings you from afar.
The spectral orc knight hits you with a +3 great sword!
You die...

.# ..#. ## ## ...
...##......#
.####.###...)......###
..##..##.............# .
..........#..........#..
<....................)..
........(...#...5.....).
...........#...Zo%5.5...
.....#.....#...Z@K4#
.....#...#.....Z#4....#
....####.#......##4.....
#...# ##..#..### ##....
....# #....## ### ..###
##.### .## ### ##


You could see Nergalle, an orange demon (summoned), a hellwing (summoned), an
ice devil (summoned), a spectral orc (summoned), 2 spectral orc knights, a
kobold demonologist, 2 iron imps and a crimson imp (summoned).

Vanquished Creatures
  Fannar (D:9)
  Harold (D:9)
  A two-headed ogre (D:9)
  Pikel (D:9)
  A troll (D:10)
  A hornet (D:6)
  A wraith (D:9)
  8 yaks
  Grum (D:8)
  2 steam dragons
  2 orc warriors (D:9)
  Duvessa (D:7)
  3 sky beasts (D:7)
  4 ice beasts
  2 ogres
  4 wolves (D:8)
  3 centaurs
  2 lemures (D:9)
  A phantom (D:6)
  2 kobold brigands
  3 bullfrogs
  2 gnoll sergeants
  12 scorpions
  Dowan (D:7)
  10 wights
  9 killer bees
  3 howler monkeys (D:8)
  A centaur zombie (Ossuary)
  5 human zombies (Ossuary)
  A jelly (D:7)
  9 hounds
  7 orc priests
  2 iguanas
  2 sleepcaps
  3 scorpion zombies (Ossuary)
  13 orc wizards
  4 mummies
  Robin (D:2)
  9 gnolls
  5 adders
  3 white imps
  3 ufetubi (D:4)
  A worm (D:4)
  5 dart slugs
  50 orcs
  5 ball pythons
  4 bats
  9 endoplasms
  4 giant cockroaches
  22 goblins
  14 hobgoblins
  A jackal (D:1)
  12 kobolds
  5 quokkas
  4 frilled lizards
  A gnoll zombie (Ossuary)
  4 goblin zombies (Ossuary)
  2 hobgoblin zombies (Ossuary)
  2 kobold zombies (D:6)
  2 orc zombies (Ossuary)
  5 rats
302 creatures vanquished.

Vanquished Creatures (others)
  A human (D:3)
  2 orc wizards (D:7)
  An orc (D:7)
4 creatures vanquished.

Grand Total: 306 creatures vanquished

Notes
Turn   | Place    | Note
-------+----------+-------------------------------------------
     0 | D:1      | qw the Minotaur Hexslinger began the quest for the Orb.
     0 | D:1      | Reached XP level 1. HP: 16/16 MP: 1/1
     0 | D:1      | 0 ||| qw: Version: 0.3-a-46-gb1f654a
     0 | D:1      | 0 ||| qw: Game counter: 3665
     0 | D:1      | 0 ||| qw: Melee chars always use a shield: true
     0 | D:1      | 0 ||| qw: God list: Okawaru
     0 | D:1      | 0 ||| qw: Allow faded altars: false
     0 | D:1      | 0 ||| qw: Do Orc after clearing Dungeon:15 true
     0 | D:1      | 0 ||| qw: Do second Lair branch before Depths: true
     0 | D:1      | 0 ||| qw: Lair rune preference: random
     0 | D:1      | 0 ||| qw: Goals: Normal
     0 | D:1      | 0 ||| PLANNING D:1-11
   108 | D:1      | HP: 4/16 [hobgoblin (4)]
   199 | D:1      | Reached skill level 3 in Ranged Weapons
   215 | D:1      | Reached XP level 2. HP: 18/23 MP: 2/2
   635 | D:1      | Reached XP level 3. HP: 29/29 MP: 3/3
   793 | D:1      | 793 ||| UPGRADING to +0 ring mail.
   803 | D:1      | 803 ||| DROPPING +0 robe.
   804 | D:1      | 804 ||| READING scroll labelled RUMMABB BUANA.
   809 | D:1      | 809 ||| READING scroll labelled FIHAGH IGEMO.
   810 | D:1      | 810 ||| READING scroll labelled ZOSSUE SUNO.
   811 | D:1      | 811 ||| READING 2 scrolls labelled ANECEO UG IKOR.
   812 | D:1      | 812 ||| READING 3 scrolls labelled SER RAATWYCAGG.
   812 | D:1      | Identified 3 scrolls of acquirement
   812 | D:1      | 812 ||| ACQUIRING +2 hat of the Shrike {rElec}
   812 | D:1      | Acquired the +2 hat of the Shrike {rElec}
   814 | D:1      | 814 ||| UPGRADING to +2 hat of the Shrike {rElec}.
   819 | D:1      | 819 ||| READING 2 scrolls of acquirement.
   819 | D:1      | 819 ||| ACQUIRING quicksilver dragon scales
   819 | D:1      | Acquired quicksilver dragon scales
   821 | D:1      | 821 ||| UPGRADING to quicksilver dragon scales.
   831 | D:1      | 831 ||| DROPPING +0 ring mail.
   832 | D:1      | 832 ||| READING scroll of acquirement.
   832 | D:1      | 832 ||| ACQUIRING +6 troll leather armour of Objectivity
                  | {rPois Regen+}
   832 | D:1      | Acquired the +6 troll leather armour of Objectivity {rPois
                  | Regen+}
   834 | D:1      | 834 ||| UPGRADING to +6 troll leather armour of Objectivity
                  | {rPois Regen+}.
   844 | D:1      | 844 ||| DROPPING quicksilver dragon scales.
   845 | D:1      | 845 ||| READING scroll labelled WANO TOESKA.
   846 | D:1      | 846 ||| DROPPING scroll of poison.
  1047 | D:2      | Reached skill level 4 in Ranged Weapons
  1112 | D:2      | Noticed Robin
  1125 | D:2      | Killed Robin
  1126 | D:2      | Reached XP level 4. HP: 36/36 MP: 4/4
  1614 | D:2      | 1614 ||| DROPPING scarf of shadows.
  1615 | D:2      | 1615 ||| READING 4 scrolls of identify.
  1615 | D:2      | 1615 ||| IDENTIFYING fuming brown potion
  1616 | D:2      | 1616 ||| READING 3 scrolls of identify.
  1616 | D:2      | 1616 ||| IDENTIFYING lumpy purple potion
  1617 | D:2      | 1617 ||| READING 2 scrolls of identify.
  1617 | D:2      | 1617 ||| IDENTIFYING fizzy golden potion
  1618 | D:2      | 1618 ||| DROPPING potion of brilliance.
  1619 | D:2      | 1619 ||| DROPPING potion of berserk rage.
  1620 | D:2      | 1620 ||| DROPPING potion of lignification.
  1761 | D:3      | 1761 ||| UPGRADING to +2 pair of gloves.
  1772 | D:3      | Reached skill level 5 in Ranged Weapons
  1783 | D:3      | Found a faded altar of an unknown god.
  1877 | D:3      | Found a sacrificial altar of Ru.
  2023 | D:3      | Found an ancient bone altar of Kikubaaqudgha.
  2026 | D:3      | Noticed a human
  2028 | D:3      | Killed a human
  2214 | D:3      | Found a runed translucent door.
  2215 | D:3      | Noticed Crazy Yiuf
  2315 | D:3      | 2315 ||| UPGRADING to ring of protection from cold.
  2316 | D:3      | 2316 ||| READING 2 scrolls labelled SUAHUL RIURCH.
  2317 | D:3      | 2317 ||| DROPPING scroll of vulnerability.
  2498 | D:4      | Reached skill level 3 in Fighting
  2512 | D:4      | Noticed a scorpion
  2531 | D:4      | Killed a scorpion
  2532 | D:4      | Reached XP level 5. HP: 45/45 MP: 5/5
  2619 | D:4      | 2619 ||| READING scroll of enchant weapon.
  2619 | D:4      | 2619 ||| ENCHANTING +2 sling.
  2865 | D:4      | Found a runed translucent door.
  2868 | D:4      | Noticed qw's ghost (amateur MiHs)
  3095 | D:4      | Reached skill level 6 in Ranged Weapons
  3095 | D:4      | Reached XP level 6. HP: 51/51 MP: 6/6
  3501 | D:4      | Found a runed translucent door.
  3505 | D:4      | 3505 ||| READING 4 scrolls of identify.
  3505 | D:4      | 3505 ||| IDENTIFYING bubbling coppery potion
  3506 | D:4      | 3506 ||| READING 3 scrolls of identify.
  3506 | D:4      | 3506 ||| IDENTIFYING green potion
  3546 | D:5      | Entered Level 5 of the Dungeon
  3559 | D:5      | Found a transporter.
  3561 | D:5      | Noticed a yak
  3562 | D:5      | Noticed a two-headed ogre
  3563 | D:5      | Found a blossoming altar of Fedhas.
  3564 | D:5      | Found a broken altar of Ashenzari.
  3565 | D:5      | Found a transporter.
  3565 | D:5      | Found a snail-covered altar of Cheibriados.
  3626 | D:5      | 3626 ||| FLEEEEING.
  3627 | D:5      | 3627 ||| FLEEEEING.
  3628 | D:5      | 3628 ||| FLEEEEING.
  3629 | D:5      | 3629 ||| FLEEEEING.
  3630 | D:5      | 3630 ||| FLEEEEING.
  3631 | D:5      | 3631 ||| FLEEEEING.
  3632 | D:5      | 3632 ||| FLEEEEING.
  3633 | D:5      | 3633 ||| FLEEEEING.
  3634 | D:5      | 3634 ||| FLEEEEING.
  3762 | D:5      | Found a staircase to the Ecumenical Temple.
  3763 | D:5      | 3763 ||| PLANNING TEMPLE
  3811 | D:5      | Found Teggumojab's Jewellery Shoppe.
  3826 | D:5      | 3826 ||| SHOPLISTING +4 ring of protection (396 gold, have
                  | 221).
  3826 | D:5      | 3826 ||| SHOPLISTING amulet of reflection (330 gold, have
                  | 221).
  3826 | D:5      | 3826 ||| SHOPLISTING ring of protection from fire (275
                  | gold, have 221).
  3826 | D:5      | 3826 ||| BUYING ring of resist corrosion (220 gold).
  3826 | D:5      | Bought a ring of resist corrosion for 220 gold pieces
  3826 | D:5      | 3826 ||| SHOPLISTING ring of see invisible (165 gold, have
                  | 1).
  3826 | D:5      | 3826 ||| SHOPLISTING ring of willpower (275 gold, have 1).
  3844 | D:5      | Found Jess's Weapon Shop.
  3935 | D:5      | Found Syckothrono's Antique Weapon Boutique.
  3939 | D:5      | Found Kujutu's Assorted Antiques.
  3942 | D:5      | Found Riev's Magic Scroll Shop.
  3946 | D:5      | 3946 ||| SHOPLISTING clear potion (25 gold, have 1).
  3946 | D:5      | 3946 ||| SHOPLISTING potion of curing (84 gold, have 1).
  3946 | D:5      | 3946 ||| SHOPLISTING scroll labelled IVVAXK KYAS (28 gold,
                  | have 1).
  3946 | D:5      | 3946 ||| SHOPLISTING scroll of identify (56 gold, have 1).
  3972 | D:5      | 3972 ||| SHOPLISTING scroll of enchant armour (105 gold,
                  | have 1).
  3972 | D:5      | 3972 ||| SHOPLISTING scroll of identify (28 gold, have 1).
  3997 | D:5      | Reached skill level 7 in Ranged Weapons
  3997 | D:5      | Reached XP level 7. HP: 46/59 MP: 7/7
  4213 | D:5      | 4213 ||| UPGRADING to ring of resist corrosion.
  4214 | D:5      | 4214 ||| READING scroll labelled IPNUZE VOAZUNNU.
  4215 | D:5      | 4215 ||| READING 3 scrolls of identify.
  4215 | D:5      | 4215 ||| IDENTIFYING murky orange potion
  4216 | D:5      | 4216 ||| READING 2 scrolls of identify.
  4216 | D:5      | 4216 ||| IDENTIFYING purple potion
  4220 | Temple   | Entered the Ecumenical Temple
  4316 | Temple   | 4316 ||| PLANNING D:1-11
  4368 | D:6      | 4368 ||| PLANNING OSSUARY
  4415 | D:6      | Found a sand-covered staircase.
  4421 | D:6      | 4421 ||| DROPPING +1 hat.
  4422 | D:6      | 4422 ||| READING scroll labelled OCZINU GUHUO.
  4450 | Ossuary  | Entered an ossuary
  4500 | Ossuary  | Reached skill level 8 in Ranged Weapons
  4540 | Ossuary  | Reached skill level 3 in Dodging
  4650 | Ossuary  | Reached XP level 8. HP: 68/68 MP: 8/8
  4685 | Ossuary  | Reached skill level 9 in Ranged Weapons
  4724 | Ossuary  | 4724 ||| READING scroll of enchant weapon.
  4724 | Ossuary  | 4724 ||| ENCHANTING +3 sling.
  4758 | Ossuary  | Reached skill level 6 in Fighting
  4797 | Ossuary  | 4797 ||| READING scroll labelled SEQOKLE YRUME.
  4898 | Ossuary  | 4898 ||| READING scroll labelled YTELOTH OMIWK.
  4899 | Ossuary  | 4899 ||| READING scroll labelled IVVAXK KYAS.
  4900 | Ossuary  | 4900 ||| DRINKING 2 orange potions.
  4901 | Ossuary  | 4901 ||| READING 4 scrolls of identify.
  4901 | Ossuary  | 4901 ||| IDENTIFYING clear potion
  4902 | Ossuary  | 4902 ||| DROPPING potion of attraction.
  4954 | D:6      | 4954 ||| PLANNING D:1-11
  5006 | D:6      | 5006 ||| Stepping ~*~*~tactically~*~*~ (outnumbered).
  5008 | D:6      | 5008 ||| Stepping ~*~*~tactically~*~*~ (outnumbered).
  5056 | D:6      | 5056 ||| FLEEEEING.
  5057 | D:6      | 5057 ||| FLEEEEING.
  5058 | D:6      | 5058 ||| FLEEEEING.
  5059 | D:6      | 5059 ||| FLEEEEING.
  5060 | D:6      | 5060 ||| FLEEEEING.
  5061 | D:6      | 5061 ||| FLEEEEING.
  5062 | D:6      | 5062 ||| FLEEEEING.
  5063 | D:6      | 5063 ||| FLEEEEING.
  5064 | D:6      | 5064 ||| FLEEEEING.
  5065 | D:6      | 5065 ||| FLEEEEING.
  5066 | D:6      | 5066 ||| FLEEEEING.
  5067 | D:6      | 5067 ||| FLEEEEING.
  5068 | D:6      | 5068 ||| FLEEEEING.
  5069 | D:6      | 5069 ||| FLEEEEING.
  5070 | D:6      | 5070 ||| FLEEEEING.
  5071 | D:6      | 5071 ||| FLEEEEING.
  5072 | D:6      | 5072 ||| FLEEEEING.
  5073 | D:6      | 5073 ||| STAIRDANCE
  5101 | D:5      | 5101 ||| READING scroll labelled GESURPH LOUTSO.
  5118 | D:6      | Reached skill level 10 in Ranged Weapons
  5133 | D:6      | Found a basalt altar of Yredelemnul.
  5175 | D:6      | 5175 ||| FLEEEEING.
  5176 | D:6      | 5176 ||| FLEEEEING.
  5177 | D:6      | 5177 ||| FLEEEEING.
  5186 | D:6      | 5186 ||| STAIRDANCE
  5626 | D:6      | Found Ojox's Armour Emporium.
  5669 | D:6      | Found a stormy altar of Qazlal.
  5750 | D:6      | Found a faded altar of an unknown god.
  5750 | D:6      | Found a glowing silver altar of Zin.
  5753 | D:6      | 5753 ||| Stepping ~*~*~tactically~*~*~ (outnumbered).
  5770 | D:6      | Reached XP level 9. HP: 75/79 MP: 9/9
  5780 | D:6      | Found a faded altar of an unknown god.
  5782 | D:6      | Found an iron altar of Okawaru.
  5783 | D:6      | 5783 ||| PLANNING OKAWARU WORSHIP
  5783 | D:6      | 5783 ||| UPGRADING to +6 ring of strength.
  5786 | D:6      | Found a glowing golden altar of the Shining One.
  5790 | D:6      | Became a worshipper of Warmaster Okawaru
  5791 | D:6      | 5791 ||| PLANNING D:1-11
  5953 | D:7      | 5953 ||| STAIRDANCE
  5983 | D:7      | 5983 ||| STAIRDANCE
  5993 | D:6      | Reached skill level 11 in Ranged Weapons
  6015 | D:7      | 6015 ||| Stepping ~*~*~tactically~*~*~ (cloud).
  6021 | D:7      | 6021 ||| Stepping ~*~*~tactically~*~*~ (cloud).
  6030 | D:7      | 6030 ||| STAIRDANCE
  6034 | D:6      | Reached * piety under Okawaru
  6039 | D:7      | 6039 ||| SWAPPING to +2 shortbow of flaming.
  6040 | D:7      | 6040 ||| DROPPING +4 sling.
  6046 | D:7      | 6046 ||| INVOKING Heroism.
  6087 | D:7      | Reached skill level 1 in Invocations
  6099 | D:7      | 6099 ||| INVOKING Heroism.
  6115 | D:7      | 6115 ||| FLEEEEING.
  6116 | D:7      | 6116 ||| FLEEEEING.
  6117 | D:7      | 6117 ||| FLEEEEING.
  6118 | D:7      | 6118 ||| FLEEEEING.
  6119 | D:7      | 6119 ||| FLEEEEING.
  6122 | D:7      | 6122 ||| Stepping randomly (disturbance).
  6123 | D:7      | 6123 ||| Stepping randomly (disturbance).
  6124 | D:7      | 6124 ||| Stepping randomly (disturbance).
  6165 | D:7      | Identified the +0 scale mail of the Gate {rC+}
  6236 | D:7      | Reached skill level 3 in Invocations
  6311 | D:7      | Noticed Dowan
  6312 | D:7      | 6312 ||| INVOKING Heroism.
  6315 | D:7      | Noticed Duvessa
  6323 | D:7      | Killed Duvessa
  6344 | D:7      | 6344 ||| INVOKING Heroism.
  6350 | D:7      | Killed Dowan
  6445 | D:7      | Found Kangimn's Jewellery Emporium.
  6590 | D:7      | 6590 ||| SHOPLISTING +5 ring of evasion (504 gold, have
                  | 104).
  6590 | D:7      | 6590 ||| SHOPLISTING +6 ring of dexterity (504 gold, have
                  | 104).
  6590 | D:7      | 6590 ||| SHOPLISTING amulet of Vitality {RegenMP++ Regen++}
                  | (1400 gold, have 104).
  6590 | D:7      | 6590 ||| SHOPLISTING amulet of the acrobat (420 gold, have
                  | 104).
  6590 | D:7      | 6590 ||| SHOPLISTING ring "Vommeuwixzoi" {rC+ rN+} (506
                  | gold, have 104).
  6590 | D:7      | 6590 ||| READING scroll labelled QODYN UPROGYE.
  6662 | D:8      | Reached skill level 12 in Ranged Weapons
  6662 | D:8      | 6662 ||| FLEEEEING.
  6667 | D:8      | 6667 ||| FLEEEEING.
  6670 | D:8      | 6670 ||| FLEEEEING.
  6715 | D:8      | Noticed Grum
  6716 | D:8      | 6716 ||| INVOKING Heroism.
  6720 | D:8      | Reached XP level 10. HP: 88/88 MP: 9/12
  6729 | D:8      | Killed Grum
  6828 | D:8      | Reached ** piety under Okawaru
  6993 | D:8      | Found a shimmering blue altar of Sif Muna.
  7059 | D:8      | 7059 ||| FLEEEEING.
  7060 | D:8      | 7060 ||| FLEEEEING.
  7061 | D:8      | 7061 ||| FLEEEEING.
  7062 | D:8      | 7062 ||| FLEEEEING.
  7063 | D:8      | 7063 ||| FLEEEEING.
  7064 | D:8      | 7064 ||| FLEEEEING.
  7065 | D:8      | 7065 ||| FLEEEEING.
  7066 | D:8      | 7066 ||| FLEEEEING.
  7067 | D:8      | 7067 ||| FLEEEEING.
  7068 | D:8      | 7068 ||| FLEEEEING.
  7069 | D:8      | 7069 ||| FLEEEEING.
  7070 | D:8      | 7070 ||| FLEEEEING.
  7071 | D:8      | 7071 ||| FLEEEEING.
  7072 | D:8      | 7072 ||| FLEEEEING.
  7073 | D:8      | 7073 ||| STAIRDANCE
  7175 | D:7      | 7175 ||| UPGRADING to ring of protection from fire.
  7177 | D:7      | 7177 ||| READING 6 scrolls of identify.
  7177 | D:7      | 7177 ||| IDENTIFYING amethyst potion
  7483 | D:9      | Reached skill level 13 in Ranged Weapons
  7520 | D:9      | Noticed Harold
  7521 | D:9      | 7521 ||| INVOKING Heroism.
  7542 | D:9      | Killed Harold
  7543 | D:9      | Reached skill level 9 in Fighting
  7545 | D:9      | Reached *** piety under Okawaru
  7760 | D:9      | 7760 ||| INVOKING Heroism.
  7762 | D:9      | Noticed Pikel
  7774 | D:9      | Reached skill level 3 in Armour
  7777 | D:9      | Killed Pikel
  7778 | D:9      | Reached skill level 6 in Dodging
  7809 | D:9      | 7809 ||| FLEEEEING.
  7810 | D:9      | 7810 ||| FLEEEEING.
  7811 | D:9      | 7811 ||| FLEEEEING.
  7847 | D:9      | Found a staircase to the Orcish Mines.
  7949 | D:9      | Noticed a two-headed ogre
  7950 | D:9      | 7950 ||| INVOKING Heroism.
  7960 | D:9      | Killed a two-headed ogre
  7960 | D:9      | Reached **** piety under Okawaru
  7961 | D:9      | Reached skill level 14 in Ranged Weapons
  8052 | D:9      | 8052 ||| READING 5 scrolls of identify.
  8052 | D:9      | 8052 ||| IDENTIFYING viscous sapphire potion
  8054 | D:9      | 8054 ||| INVOKING Heroism.
  8144 | D:9      | Found a hazy altar of Hepliaklqana.
  8292 | D:9      | Found a shadowy altar of Dithmenos.
  8319 | D:9      | Reached XP level 11. HP: 90/97 MP: 13/13
  8385 | D:10     | Entered Level 10 of the Dungeon
  8389 | D:10     | 8389 ||| STAIRDANCE
  8461 | D:10     | Noticed Fannar
  8474 | D:10     | 8474 ||| STAIRDANCE
  8480 | D:9      | 8480 ||| INVOKING Heroism.
  8522 | D:10     | 8522 ||| STAIRDANCE
  8528 | D:9      | 8528 ||| INVOKING Heroism.
  8548 | D:9      | Killed Fannar
  8648 | D:10     | 8648 ||| FLEEEEING.
  8663 | D:10     | 8663 ||| DRINKING 4 potions of curing.
  8663 | D:10     | 8663 ||| (to cure confusion)
  8706 | D:10     | Found a flagged portal.
  8767 | D:10     | 8767 ||| INVOKING Heroism.
  8812 | D:10     | Found a sparkling altar of Nemelex Xobeh.
  8853 | D:10     | 8853 ||| SWAPPING to +0 orcbow.
  8854 | D:10     | 8854 ||| DROPPING +2 shortbow of flaming.
  8891 | D:10     | 8891 ||| UPGRADING to +0 pair of boots.
  8972 | D:11     | Noticed Nergalle
  8973 | D:11     | 8973 ||| INVOKING Heroism.
  8986 | D:11     | HP: 19/91 [spectral orc knight/+3 great sword[Nergalle]
                  | (13)]
  8987 | D:11     | 8987 ||| READING 6 scrolls of teleportation.
  8987 | D:11     | HP: 5/88 [ice devil[a kobold demonologist] (7)]
  8987 | D:11     | HP: 1/88 [ice devil[a kobold demonologist] (4)]
  8988 | D:11     | 8988 ||| DRINKING 2 potions of heal wounds.
  8988 | D:11     | Slain by a spectral orc knight

Levels and vault maps discovered:
D:1:      dpeg_arrival_brainrot, layout_basic
D:2:      layout_loops_ring, uniq_robin
D:3:      layout_basic, tgw_kikubaaqudgha, nicolae_ru_awakened_eye,
          shapermc_ecumenical_altar_mp_urbaneastern, uniq_crazy_yiuf_cottage
D:4:      layout_layer_cave, ebering_ghost_sewer_f
D:5:      layout_loops_ring, gammafunk_temple_overflow_arena,
          minmay_temple_entry_statues, serial_shops, shop,
          nicolae_shop_waterfront, nicolae_shop_peninsula, shop,
          nicolae_shop_crystal
D:6:      layout_loops_ring, mainiacjoe_overflow_alcove_4, lemuel_doored_altar,
          chequers_temple_overflow_minitemple, nicolae_ossuary_entry_giza,
          serial_shops, nicolae_shop_back_alley_shop
D:7:      layout_cave_pools, serial_shops, nicolae_inconvenience_store,
          uniq_duvessa
D:8:      corexii_shack_village, layout_basic, lemuel_blue_sif_altar,
          minmay_quadrilaterals, uniq_grum
D:9:      layout_rooms, kennysheep_little_box, nicolae_dithmenos_the_darkroom,
          hiddenorc1_lemuel, nicolae_the_louvre, uniq_harold, uniq_pikel
D:10:     layout_cross, mainiacjoe_overflow_concentric_impassable,
          enter_bailey_3, grunt_ogre_cave, uniq_fannar
D:11:     layout_cave_pools, lair_entry_dummy, nicolae_two_hexagons,
          grunt_tough_drop, uniq_nergalle
Temple:   hellmonk_temple_beads

Skill      XL: |  1  2  3  4  5  6  7  8  9 10 11 |
---------------+----------------------------------+-----
Ranged Weapons | 3 4 5 6 7 8 10 12 14 | 14.0
Fighting       | 2 3 4 5 7 8 9 10 | 10.2
Armour         | 2 3 |  3.6
Dodging        | 3 5 6 7 |  7.0
Invocations    | 4 5 |  5.8
Spellcasting   | |  1.0
Hexes          | |  2.0

Action                     |  1- 3 |  4- 6 |  7- 9 | 10-12 || total
---------------------------+-------+-------+-------+-------++-------
   Fire: Sling             |   113 |   222 |   392 |       ||   727
         Shortbow          |       |       |   126 |   403 ||   529
         Orcbow            |       |       |       |    25 ||    25
 Invoke: Heroism           |       |       |     5 |     8 ||    13
    Use: Scroll            |     8 |     7 |    11 |     3 ||    29
         Potion            |       |       |     1 |     2 ||     3
 Armour: Robe              |     5 |       |       |       ||     5
         Troll leather arm |    10 |    64 |   146 |    80 ||   300
  Dodge: Dodged            |    30 |    57 |   176 |   198 ||   461

Table legend:
 A = Non-vault XP
 B = Vault XP
 C = Vault XP percentage of total XP
 D = Non-vault monster count
 E = Vault monster count
 F = Vault count percentage of total count
                 A         B        C        D         E       F
            +---------+---------+-------+---------+---------+-------
      Total |    8961 |    5383 |  37.5 |     205 |      95 |  31.7
            +---------+---------+-------+---------+---------+-------
        D:1 |      40 |       2 |   4.8 |      21 |       1 |   4.5
        D:2 |      46 |      36 |  43.9 |      18 |      12 |  40.0
        D:3 |      38 |       0 |   0.0 |      14 |       0 |   0.0
        D:4 |     295 |       0 |   0.0 |      30 |       0 |   0.0
        D:5 |     359 |       0 |   0.0 |      14 |       0 |   0.0
        D:6 |    1528 |      20 |   1.3 |      32 |       3 |   8.6
        D:7 |    1292 |     207 |  13.8 |      14 |       2 |  12.5
        D:8 |     766 |    1139 |  59.8 |      14 |      23 |  62.2
        D:9 |    3437 |    2754 |  44.5 |      29 |      20 |  40.8
       D:10 |     826 |     130 |  13.6 |      11 |       5 |  31.2
       D:11 |     334 |       0 |   0.0 |       8 |       0 |   0.0
    Ossuary |       0 |    1095 | 100.0 |       0 |      29 | 100.0
            +---------+---------+-------+---------+---------+-------
